 Dungeon Crawl Stone Soup version 0.18.1-5-g4a78601 (webtiles) character file.

5110 Northaan the Cleaver (level 10, -16/94 HPs)
             Began as a Hill Orc Fighter on May 14, 2016.
             Was a Believer of Qazlal.
             Demolished by a hill giant
             ... wielding a cursed -2 giant club
              (22 damage)
             ... on level 9 of the Dungeon.
             The game lasted 00:13:33 (7469 turns).

Northaan the Cleaver (Hill Orc Fighter)             Turns: 7469, Time: 00:13:33

Health: -16/94     AC: 15    Str: 21    XL:     10   Next: 57%
Magic:  13/13      EV:  7    Int:  8    God:    Qazlal [**....]
Gold:   387        SH:  8    Dex: 12    Spells: 0 memorised, 9 levels left

rFire  . . .     SeeInvis .     I - +1 broad axe (venom)
rCold  . . .     Gourm    .     J - +0 plate armour
rNeg   . . .     Faith    .     q - +0 buckler {AC+3}
rPois  .         Spirit   .     (no helmet)
rElec  .         Dismiss  .     (no cloak)
rCorr  .         Reflect  .     (no gloves)
SustAt .         Harm     .     (no boots)
MR     .....                    u - amulet of rage
Stlth  ..........               (no ring)
                                s - ring of loudness (curse)

@: not resistant to hostile enchantments, extremely unstealthy
A: no striking features
a: Upheaval, Renounce Religion, Evoke Berserk Rage


You were on level 9 of the Dungeon.
You worshipped Qazlal.
Qazlal was pleased with you.
You were very hungry.

You visited 2 branches of the dungeon, and saw 11 of its levels.

You collected 387 gold pieces.

Inventory:

Hand Weapons
 a - a +0 war axe
 F - a +1 hand axe of chopping
 G - a +1 hand axe of venom
 I - a +1 broad axe of venom (weapon)
Missiles
 t - a poisoned javelin (quivered)
Armour
 b - a +0 scale mail
 c - a +0 shield
 q - a +0 buckler of protection (worn)
 J - a +0 plate armour (worn)
Jewellery
 s - a cursed ring of loudness (left hand)
 u - an amulet of rage (around neck)
 w - an uncursed ring of sustain attributes {unknown}
 A - an uncursed ring of wizardry {unknown}
Wands
 E - a wand of paralysis (14/24)
 K - a wand of lightning (10/15)
 N - a wand of lightning (11/15)
 O - a wand of confusion (25/48)
Scrolls
 h - a scroll of teleportation {unknown}
 i - a scroll of enchant armour {unknown}
 k - 2 scrolls of fear
 l - 8 scrolls of identify {unknown}
 m - a scroll of enchant weapon {unknown}
 p - 3 scrolls of amnesia
 r - a scroll of magic mapping {unknown}
 v - 6 scrolls of remove curse {unknown}
 y - a scroll of recharging {unknown}
 C - 2 scrolls of fog {unknown}
 M - 2 scrolls of noise {unknown}
 P - 3 scrolls of torment {unknown}
 Q - a scroll of random uselessness {unknown}
Potions
 d - 2 potions of might
 e - 3 potions of agility {unknown}
 g - a potion of berserk rage {unknown}
 j - 3 potions of brilliance {unknown}
 o - 2 potions of resistance {unknown}
 x - 2 potions of curing {unknown}
 z - 2 potions of haste {unknown}
 B - 2 potions of mutation {unknown}
 H - a potion of invisibility {unknown}
Books
 D - a book of Alchemy

   Spells                             Type                      Level
   a - Sublimation of Blood           Necromancy                   2
   b - Ignite Poison                  Fire/Transmutation/Poison    3
   c - Petrify                        Transmutation/Earth          4
   d - Alistair's Intoxication        Transmutation/Poison         5
   e - Irradiate                      Conjuration/Transmutation    5
 L - a book of Dreams

   Spells                             Type                      Level
   a - Ensorcelled Hibernation        Hexes/Ice                    2
   b - Silence                        Hexes/Air                    5
   c - Darkness                       Hexes                        6
   d - Shadow Creatures               Summoning                    6
Comestibles
 f - 7 bread rations
 n - 5 meat rations
 R - 2 fruits


   Skills:
 + Level 10.9 Fighting
 * Level 12.0 Axes
 + Level 5.7 Armour
 + Level 3.2 Dodging
 + Level 6.2 Shields
 + Level 4.8 Invocations


You had 9 spell levels left.
You didn't know any spells.

Dungeon Overview and Level Annotations

Branches:
Dungeon (10/15)            Temple (1/1) D:6
   Lair: D:8-11         Orc: D:9-12

Altars:
Ashenzari
Cheibriados
Dithmenos
Elyvilon
Fedhas
Gozag
Kikubaaqudgha
Makhleb
Nemelex Xobeh
Okawaru
Pakellas
Qazlal
Ru
Sif Muna
Trog
Xom
Yredelemnul
Zin
The Shining One
Jiyva

Annotations:
D:5 Northaan's ghost, novice HOFi
D:7 Prince Ribbit


Message History

* * * LOW HITPOINT WARNING * * *
Throwing (i - inventory):
t - 3 poisoned javelins (quivered)
Press: ? - help, Shift-Dir - straight line, f - hill giant
Aim: a hill giant, wielding a giant spiked club (almost dead, poisoned)
You throw a poisoned javelin.
The poisoned javelin hits the hill giant.
The hill giant looks even sicker.
The hill giant is almost dead.
You kill the hill giant!
Qazlal accepts your kill.
Your Axes skill increases to level 12!
Throwing (i - inventory):
t - 2 poisoned javelins (quivered)
Press: ? - help, Shift-Dir - straight line, f - hill giant
Aim: a hill giant, wielding a giant club (severely wounded)
You throw a poisoned javelin.
The poisoned javelin hits the hill giant but does no damage.
The hill giant is poisoned.
The hill giant is severely wounded.
The hill giant hits you with a giant club!!
You die...

.......# #.....##.#
#.. .......#
#.....##.# ###
##.##### #.....##.#
##.########.....##.#
..)....(..#.....##.#
######
##.######.########.#
#≈≈≈≈#
...........(.C.).#.#
#.().'
(#########.#####C#.#
#..#≈#
(...............@#.#
######
(#########...###.#.#
#.. (# #...# #.#.#
#.. (#### #...#
#.#.# #.. ....#
#...# #.#.# ###
)##.######...# #.#.#
#########
...........#.###.#.#
#........
.##)########..####.#
#....####
.##).)...........#.#
#....##..


You could see a hill giant.

Vanquished Creatures
  2 hill giants (D:9)
  Pikel (D:9)
  A merfolk (D:9)
  A troll (D:9)
  Sigmund (D:6)
  A wyvern (D:9)
  3 yaks (D:9)
  2 hungry ghosts
  2 ice beasts (D:8)
  3 slaves (D:9)
  A phantom (D:3)
  A sky beast (D:5)
  An orc warrior (D:8)
  4 centaurs
  The ghost of execc the Charlatan, an amateur OpAr (D:3)
  A big kobold (D:9)
  A giant frog (D:9)
  A scorpion (D:6)
  A howler monkey (D:6)
  A giant frog zombie (D:6)
  A centaur zombie (D:8)
  2 crimson imps (D:4)
  A wasp zombie (D:10)
  3 jellies
  7 orc wizards
  3 centaur skeletons
  5 orc priests
  3 hounds
  An iguana (D:5)
  4 worker ants
  A hound skeleton (D:7)
  9 gnolls
  8 adders
  2 shadow imps
  An ooze (D:3)
  An adder zombie (D:6)
  An adder skeleton (D:4)
  3 worms
  A dart slug (D:2)
  A giant gecko (D:6)
  36 orcs
  3 giant cockroaches
  3 goblins
  7 hobgoblins
  19 jackals
  12 kobolds
  A quokka (D:2)
  6 bats
  A giant gecko skeleton (D:8)
  4 giant newts
  6 rats
186 creatures vanquished.

Vanquished Creatures (others)
  An orc wizard (D:3)
  An orc (D:9)
2 creatures vanquished.

Grand Total: 188 creatures vanquished

Notes
Turn   | Place    | Note
--------------------------------------------------------------
     0 | D:1      | Northaan the Hill Orc Fighter began the quest for the Orb.
     0 | D:1      | Reached XP level 1. HP: 19/19 MP: 1/1
   301 | D:1      | Reached XP level 2. HP: 27/27 MP: 2/2
   756 | D:2      | Reached skill level 3 in Axes
   849 | D:2      | Reached XP level 3. HP: 31/33 MP: 3/3
   870 | D:2      | Found a shimmering altar of Xom.
  1118 | D:1      | Reached XP level 4. HP: 11/40 MP: 4/4
  1705 | D:2      | Reached skill level 4 in Axes
  1853 | D:3      | Found a white marble altar of Elyvilon.
  2020 | D:3      | Noticed execc's ghost (amateur OpAr)
  2034 | D:3      | Killed execc's ghost
  2034 | D:3      | Reached skill level 1 in Dodging
  2034 | D:3      | Reached XP level 5. HP: 35/47 MP: 5/5
  2156 | D:3      | Reached skill level 5 in Fighting
  2156 | D:3      | Reached XP level 6. HP: 32/56 MP: 6/6
  2158 | D:3      | Reached skill level 5 in Axes
  2174 | D:3      | Found a sparkling altar of Nemelex Xobeh.
  2340 | D:3      | Found a burning altar of Makhleb.
  2342 | D:3      | Found a bloodstained altar of Trog.
  2343 | D:3      | Found a snail-covered altar of Cheibriados.
  2378 | D:3      | Noticed a phantom
  2400 | D:3      | Killed a phantom
  2526 | D:3      | Found a basalt altar of Yredelemnul.
  2584 | D:3      | Found a deep blue altar of Sif Muna.
  2601 | D:4      | Reached skill level 6 in Axes
  2661 | D:4      | Found a shadowy altar of Dithmenos.
  2684 | D:4      | Reached XP level 7. HP: 61/61 MP: 7/7
  3186 | D:5      | Entered Level 5 of the Dungeon
  3219 | D:5      | Noticed Northaan's ghost (novice HOFi)
  3242 | D:4      | Reached skill level 7 in Axes
  3561 | D:5      | Found a shattered altar of Ashenzari.
  3602 | D:5      | Reached skill level 8 in Axes
  3938 | D:6      | Found a staircase to the Ecumenical Temple.
  3948 | Temple   | Entered the Ecumenical Temple
  4038 | Temple   | Became a worshipper of Qazlal Stormbringer
  4287 | D:6      | Reached XP level 8. HP: 62/71 MP: 8/8
  4330 | D:6      | Noticed Sigmund
  4344 | D:6      | Killed Sigmund
  4344 | D:6      | Reached skill level 9 in Axes
  4998 | D:7      | Noticed Prince Ribbit
  5167 | D:8      | Reached * piety under Qazlal
  5508 | D:8      | Reached XP level 9. HP: 74/85 MP: 9/9
  5531 | D:8      | Found an iron altar of Okawaru.
  5595 | D:8      | Reached skill level 10 in Fighting
  5595 | D:8      | Reached skill level 10 in Axes
  5975 | D:8      | Reached skill level 1 in Invocations
  6093 | D:9      | Noticed Pikel
  6106 | D:9      | Killed Pikel
  6143 | D:9      | Reached skill level 5 in Shields
  6198 | D:9      | Reached skill level 11 in Axes
  6249 | D:9      | Found a blossoming altar of Fedhas.
  6380 | D:9      | Noticed a troll
  6390 | D:9      | Killed a troll
  6390 | D:9      | Reached skill level 5 in Armour
  6390 | D:9      | Reached XP level 10. HP: 58/94 MP: 12/12
  7053 | D:10     | Entered Level 10 of the Dungeon
  7077 | D:10     | Noticed a hill giant
  7080 | D:10     | Noticed a hill giant
  7083 | D:10     | Noticed a hill giant
  7083 | D:10     | Reached ** piety under Qazlal
  7119 | D:9      | Killed a hill giant
  7462 | D:9      | HP: 4/94 [hill giant/giant spiked club (20)]
  7468 | D:9      | Killed a hill giant
  7468 | D:9      | Reached skill level 12 in Axes
  7469 | D:9      | Demolished by a hill giant

Skill      XL: |  1  2  3  4  5  6  7  8  9 10 |
---------------+-------------------------------+-----
Axes           | 3 4 6 8 9 11 12 | 12.0
Fighting       | 4 5 6 9 10 | 10.9
Shields        | 4 5 6 |  6.2
Dodging        | 1 2 3 |  3.2
Armour         | 5 |  5.7
Invocations    | 3 4 |  4.8

Action                   |  1- 3 |  4- 6 |  7- 9 | 10-12 || total
-------------------------+-------+-------+-------+-------++-------
Melee: War axe           |    86 |   139 |    87 |       ||   312
       Hand axe          |       |       |   140 |       ||   140
       Broad axe         |       |       |   116 |    72 ||   188
Throw: Javelin           |       |       |       |     6 ||     6
  Use: Scroll            |       |     3 |       |       ||     3
  Eat: Chunk             |     1 |     5 |    10 |     3 ||    19
       Fruit             |       |       |     6 |       ||     6
Armor: Scale mail        |    49 |    75 |    85 |       ||   209
       Plate armour      |       |       |    96 |    41 ||   137
Dodge: Dodged            |    22 |    76 |   124 |    26 ||   248
Block: Shield            |    53 |     1 |       |       ||    54
       Buckler           |       |    42 |    84 |    26 ||   152
